Zazza, neutral female human Tourist ----- ....| ------- |(.>.############......| -------------- #....|# # |.....| |.............# ###-|---# ###|.....| |............|# ########%###### #..(...| |............|# ##% # |.....| |....<.......|# ----------- # # ------- -|------------############...........## # ## ######### |.........| # # # # |.........| # #### ### # |.........| # ----|----- # # ##..........| ---.-------- |.........## # # ----------- ...........| |........| #-------### |..........| |........| #|......###fr@F#############........{..| ---------- #|.>...|# ------------ #.......# ------- Zazza the Rambler Experience level: 1 Strength: 14 Dexterity: 9 Constitution: 12 Intelligence: 12 Wisdom: 10 Charisma: 18 Health: 0(10) Energy: 2(2) Def: 0 Gold: 568 Moves: 1445 Dungeon seed: UbovxZla4up9ZCBG Game ID: Zazza_1599669982 Your Inventory: Coins $ - 568 gold pieces Amulets x - an uncursed amulet of ESP (being worn) Weapons a - 31 +2 darts (in quiver) o - 2 +0 orcish daggers (wielded) u - 9 +0 arrows y - a +0 sling Armor e - an uncursed +0 Hawaiian shirt (being worn) Comestibles b - 3 uncursed food rations f - 2 uncursed tripe rations g - 2 uncursed lembas wafers v - an uncursed candy bar Scrolls i - a blessed scroll of magic mapping j - 2 uncursed scrolls of magic mapping Spellbooks w - an uncursed spellbook of blank paper Potions h - 3 uncursed potions of extra healing z - a blessed potion of see invisible Wands m - a wand of secret door detection (0:12) Tools k - an expensive camera (0:96) l - an uncursed credit card Gems n - an uncursed worthless piece of yellow glass q - 3 uncursed worthless pieces of black glass r - an uncursed fluorite stone Spells and supernatural/magical abilities: Name Level Category Fail Memory W - pray for help -- divine ? -- Your skills at the end: Fighting Skills Weapon Skills dart [Basic] Spellcasting Skills Final Attributes: You were nominally aligned. You were telepathic. You are dead. Vanquished creatures: a hobbit 3 giant rats a brown mold a yellow mold a gecko 3 jackals a fox 2 goblins 8 grid bugs a kobold zombie a newt 23 creatures vanquished. Voluntary challenges: You were vegetarian. You used a wielded weapon 3 times, starting on turn 446. You read items or engraved 4 times, starting on turn 497. You never genocided any monsters. You never polymorphed an object. You never changed form. You used no wishes. You never split a pudding. You never wrote Elbereth's name. You never violated your personal moral code. Dungeon overview: The Dungeons of Doom: levels 1 to 3 Level 1 some fountains a long staircase Level 2 an altar to Blind Io, some fountains Level 3 <- You were here a fountain a long staircase History has recorded: On T:1 you entered the Dungeons of Doom to retrieve the Amulet of Yendor! On T:479 you reached level 2 of The Dungeons of Doom. On T:825 you reached level 3 of The Dungeons of Doom. Score breakdown: Gold: 218 ( 7961 points) Experience: 1 level ( 0 points) Exploration: 3 levels ( 5.77%) ( 5940 points) Discoveries: 1 item ( 0.34%) ( 1737 points) Valuables value: (no points given unless you survive) Artifact value: 0 ( 0 points) Variety of kills: 11 monsters ( 2.89%) ( 5097 points) Turncount: 1445 turns ( 0 points) Survival: died (score multiplied by 80%) Total score: 16588 Latest messages: The brown mold is killed! You displace Armand. You hear some noises. You hear the footsteps of a guard on patrol. The giant rat bites! Armand bites the giant rat. The giant rat is killed! You displace Armand. The giant rat misses Armand. Armand bites the giant rat. The giant rat is killed! The grid bug bites! You get zapped! The grid bug bites! You get zapped! Armand misses the grid bug. The grid bug bites! You get zapped! The giant rat bites! Armand bites the grid bug. The grid bug is killed! Armand misses the giant rat. (2x) You hear some noises. You hit the giant rat. The giant rat bites! You die... Final status: Aloha Zazza the Tourist, killed by a giant rat... You died in The Dungeons of Doom on dungeon level 3 with 16588 points, and 568 pieces of gold, after 1445 moves. You were level 1 with a maximum of 10 hit points when you died.